Map: [ESL] Stargazers

Players

Creator - Winner!

  • Race: Protoss Protoss
  • Spawn Location: 11:00

Maru

  • Race: Terran Terran
  • Spawn Location: 1:00

Event: DreamHack SC2 Masters 2022 Valencia

VOD

https://youtu.be/53Dqz-T2u3I

Description

Time

  • Played on: July 3, 2022, 1:19 p.m.
  • Length: 11:24

All games in this series

Show
View Real Time Build Order
Export as new Build Order

Creator Protoss - Winner!

Build Orders: 1 Gate Expand, Colossus Rush 

Get SALT Encoding   

  12  0:00  Probe  
  13  0:12  Probe  
  14  0:18  Pylon  
  14  0:24  Probe (Chrono Boost)  
  15  0:37  Probe (Chrono Boost)  
  15  0:38  Gateway  
  16  0:45  Probe (Chrono Boost)  
  17  0:50  Assimilator  
  17  0:51  Probe  
  18  1:03  Probe  
  19  1:15  Probe  
  20  1:28  Cybernetics Core  
  20  1:36  Nexus  
  20  1:42  Pylon  
  20  1:46  Probe  
  21  1:51  Assimilator  
  21  1:58  Probe  
  22  2:01  Warp Gate (Chrono Boost), Adept (Chrono Boost)  
  24  2:10  Pylon  
  24  2:13  Probe  
  25  2:24  Adept  
  27  2:30  Gateway  
  27  2:33  Probe  
  28  2:43  Gateway  
  28  2:47  Probe  
  28  2:50  Probe  
  30  2:56  Adept  
  32  3:00  Probe (Chrono Boost)  
  34  3:07  Probe (Chrono Boost)  
  35  3:12  Probe (Chrono Boost)  
  35  3:14  Robotics Facility  
  35  3:18  Probe (Chrono Boost)  
  36  3:20  Probe (Chrono Boost)  
  37  3:27  Probe  
  37  3:30  Probe  
  37  3:32  Pylon  
  39  3:42  Stalker x3  
  39  3:44  Probe  
  39  3:45  Probe  
  45  3:54  Shield Battery  
  46  4:03  Observer  
  46  4:08  Probe x2  
  46  4:09  Stalker  
  50  4:21  Probe x2  
  50  4:22  Pylon  
  52  4:29  Robotics Bay  
  52  4:30  Warp Prism  
  54  4:33  Probe x2  
  54  4:37  Assimilator  
  56  4:39  Assimilator  
  56  4:45  Probe x2  
  57  4:50  Nexus  
  58  4:57  Probe  
  58  4:59  Probe  
  60  5:10  Pylon, Probe  
  60  5:13  Colossus (Chrono Boost)  
  61  5:15  Gravitic Drive (Chrono Boost)  
  61  5:17  Probe  
  68  5:22  Probe  
  68  5:28  Nexus  
  69  5:33  Sentry  
  71  5:36  Probe x2  
  71  5:38  Pylon  
  73  5:43  Pylon  
  73  5:51  Disruptor (Chrono Boost), Probe  
  77  6:01  Probe  
  77  6:03  Probe  
  79  6:06  Probe, Shield Battery  
  79  6:08  Gateway  
  79  6:09  Sentry  
  82  6:15  Disruptor (Chrono Boost)  
  85  6:22  Probe x2  
  85  6:23  Probe  
  88  6:30  Twilight Council, Forge  
  88  6:32  Stalker x2  
  92  6:34  Pylon  
  92  6:35  Probe  
  92  6:36  Probe x2  
  95  6:41  Disruptor (Chrono Boost)  
  95  6:47  Probe  
  99  6:50  Gateway  
  99  6:51  Gateway  
  99  6:54  Protoss Ground Weapons Level 1  
  99  6:55  Probe x2  
  99  6:58  Stalker, Zealot  
  99  6:59  Probe x2  
  107  7:06  Charge  
  107  7:09  Immortal (Chrono Boost)  
  107  7:12  Zealot  
  113  7:18  Stalker, Zealot  
  116  7:24  Gateway x2  
  116  7:26  Gateway, Zealot  
  118  7:43  Photon Cannon, Immortal (Chrono Boost)  
  122  7:46  Stalker, Shield Battery  
  122  7:47  Stalker, Zealot  
  128  7:52  Pylon  
  128  7:53  Pylon x3  
  128  7:55  Pylon x2, Gateway  
  128  8:05  Pylon x2  
  126  8:14  Templar Archives, Gateway  
  126  8:15  Disruptor (Chrono Boost), Gateway  
  126  8:16  Zealot x2  
  133  8:20  Gateway  
  133  8:24  Zealot x3  
  133  8:26  Probe  
  140  8:28  Zealot  
  141  8:45  Zealot x5  
  141  8:46  Zealot x2  
  141  8:48  Disruptor (Chrono Boost)  
  155  8:51  Zealot  
  158  8:56  High Templar x2  
  158  9:00  Archon  
  152  9:14  Stalker x2  
  152  9:16  Zealot x5  
  152  9:17  Zealot x3  
  159  9:23  Stalker  
  163  9:30  Zealot x2  
  167  9:32  Pylon  
  167  9:38  Zealot x3  
  173  9:43  Nexus  
  173  9:53  Zealot x2  
  173  9:59  Twilight Council  
  175  10:07  Pylon  
  175  10:18  Pylon  
  175  10:19  Nexus, Robotics Facility  
  175  10:21  Pylon  
  175  10:26  Observer (Chrono Boost)  
  176  10:39  Zealot x4  
  176  10:41  High Templar x2  
  188  10:46  Pylon  
  188  10:47  Archon  
  188  10:48  Pylon  
  188  10:56  Assimilator  
  188  10:57  Assimilator  
  188  11:03  Stalker x4  
  196  11:04  Zealot x2  
  157  11:21  Stalker x3  
  157  11:22  Zealot x3  
Show
View Real Time Build Order
Export as new Build Order

Maru Terran 

Build Orders:  

Get SALT Encoding   

  12  0:00  SCV  
  13  0:12  SCV  
  14  0:17  Supply Depot  
  14  0:24  SCV  
  15  0:39  Barracks, SCV  
  16  0:44  Refinery  
  16  0:51  SCV  
  17  0:57  Refinery  
  17  1:03  SCV  
  18  1:15  SCV  
  19  1:26  Reaper  
  19  1:27  Orbital Command  
  19  1:30  Supply Depot  
  20  1:44  Factory  
  20  1:52  SCV  
  21  1:59  Barracks Reactor  
  21  2:04  SCV  
  22  2:16  SCV  
  22  2:21  Command Center  
  23  2:28  SCV  
  23  2:29  Widow Mine  
  26  2:36  Starport  
  26  2:40  SCV  
  27  2:44  Supply Depot  
  27  2:50  Widow Mine  
  29  2:53  SCV  
  30  2:59  Marine  
  30  3:05  SCV, Marine  
  32  3:13  Medivac  
  32  3:14  Factory Tech Lab  
  32  3:17  Marine  
  35  3:21  SCV  
  35  3:23  Marine  
  37  3:33  SCV  
  41  3:34  Siege Tank  
  41  3:35  Orbital Command  
  41  3:42  Marine x2  
  41  3:45  SCV  
  44  3:52  Starport Tech Lab  
  44  3:54  Supply Depot  
  44  3:57  Orbital Command  
  44  3:58  SCV  
  44  4:00  Marine x2  
  45  4:03  SCV  
  47  4:10  SCV  
  48  4:22  SCV  
  48  4:24  SCV  
  48  4:26  Raven  
  48  4:27  Barracks  
  48  4:31  Marine x2  
  47  4:34  SCV  
  47  4:35  Refinery  
  47  4:36  SCV  
  51  4:39  Barracks  
  51  4:41  Factory Tech Lab  
  51  4:46  SCV  
  51  4:47  Engineering Bay  
  51  4:48  SCV  
  51  4:50  Supply Depot  
  51  4:51  Marine  
  54  4:53  Marine  
  54  4:58  SCV  
  54  4:59  Siege Tank  
  59  5:02  SCV  
  59  5:06  Supply Depot  
  60  5:10  SCV  
  60  5:14  SCV, Terran Infantry Weapons Level 1  
  62  5:15  Marine  
  62  5:17  Stimpack  
  62  5:19  Starport Reactor  
  62  5:20  Marine  
  62  5:21  Marine  
  64  5:22  SCV  
  64  5:28  SCV  
  67  5:30  Refinery  
  67  5:33  Marine  
  67  5:34  SCV, Siege Tank  
  72  5:38  Marine  
  72  5:39  Marine x2, Supply Depot  
  72  5:40  SCV  
  76  5:43  Combat Shield  
  76  5:46  SCV  
  76  5:47  Supply Depot  
  77  5:52  SCV  
  77  5:56  Marine  
  78  5:59  SCV  
  78  6:00  Medivac, Marauder  
  82  6:04  SCV  
  82  6:05  Marine  
  82  6:06  Marauder  
  82  6:08  Supply Depot  
  86  6:13  Medivac  
  84  6:22  SCV, Marauder  
  84  6:23  SCV  
  84  6:30  Viking  
  84  6:32  Marauder  
  88  6:34  SCV  
  88  6:35  Marine x2  
  91  6:43  Marauder  
  91  6:45  Viking  
  91  6:46  Siege Tank  
  98  6:50  Supply Depot  
  97  6:54  Marine x2  
  97  6:55  Marauder  
  99  7:05  Marauder  
  99  7:06  Concussive Shells  
  101  7:12  Marine x2, Supply Depot  
  101  7:13  Viking  
  105  7:16  Marauder  
  105  7:19  SCV x2  
  105  7:22  Supply Depot  
  109  7:32  Marine  
  109  7:33  Marauder  
  112  7:38  Marauder  
  112  7:42  Supply Depot  
  114  7:49  Terran Infantry Armor Level 1  
  114  7:52  SCV x2  
  114  7:53  Medivac x2  
  114  7:55  Marauder  
  114  7:56  Command Center  
  122  7:59  Marauder  
  122  8:04  SCV  
  123  8:08  Barracks  
  123  8:09  Barracks  
  123  8:13  SCV  
  123  8:16  SCV  
  125  8:23  Marine, Medivac x2  
  125  8:24  Marauder x2  
  134  8:36  SCV  
  134  8:40  SCV  
  134  8:43  Supply Depot  
  134  8:48  SCV, Supply Depot  
  133  8:55  Supply Depot  
  134  9:02  Marine  
  134  9:04  Medivac, Marine  
  134  9:05  Marauder x2  
  134  9:08  Siege Tank  
  117  9:19  Barracks Tech Lab, Barracks Reactor  
  117  9:20  Marine  
  117  9:22  Marine  
  117  9:23  SCV x2  
  121  9:26  Marauder x2  
  124  9:38  Orbital Command, Marine  
  125  9:40  Siege Tank  
  128  9:47  Ghost Academy, Marauder x2  
  132  9:53  Liberator  
  132  9:55  Orbital Command  
  132  9:57  Liberator  
  136  10:07  SCV x2  
  136  10:12  Siege Tank  
  139  10:19  SCV x2  
  139  10:21  SCV  
  139  10:29  Ghost  
  139  10:31  Ghost, Refinery, SCV x2  
  139  10:33  Refinery, SCV  
  146  10:37  Ghost  
  148  10:43  SCV x2  
  148  10:44  Siege Tank  
  148  10:46  Command Center  
  148  10:58  SCV x3  
  148  11:03  Engineering Bay, Armory, Marine  
  148  11:04  Marine x3  

Tags
 
Add a new tag
Caveats
  • Supply blocks, unpowered buildings, or Contaminate may cause inaccurate times.
  • Supply counts are checked every 10 seconds.